 Dungeon Crawl Stone Soup version 0.28.0-53-g5a82cb258f (webtiles) character file.

Game seed: 3045318135074864024

2952 Ashen the Chiller (level 9, -4/68 HPs)
             Began as a Demonspawn Ice Elementalist on July 24, 2022.
             Killed from afar by Erica (36 damage)
             ... with a bolt of acid
             ... on level 8 of the Dungeon on July 25, 2022.
             The game lasted 00:21:09 (9896 turns).

Ashen the Chiller (Demonspawn Ice Elementalist)     Turns: 9896, Time: 00:21:39

Health: -4/68      AC:  7    Str:  9    XL:     9   Next: 52%
Magic:  12/17      EV: 14    Int: 20    God:
Gold:   54         SH:  5    Dex: 14    Spells: 7/18 levels left

rFire   . . .      SeeInvis .   C - +1 whip (elec)
rCold   . . .      Faith    .   (no shield)
rNeg    . . .      Spirit   .   a - +0 robe
rPois   .          Reflect  +   D - +0 helmet
rElec   .          Harm     .   k - +0 cloak
rCorr   .          Rampage  .   e - +0 pair of gloves
Will    .....                   (no boots)
Stlth   +++.......              d - amulet of reflection
HPRegen 0.21/turn               (no ring)
MPRegen 0.15/turn               (no ring)

@: no status effects
A: thin metallic scales 1, demonic guardian 2, weakness stinger 2
a: no special abilities


You were on level 8 of the Dungeon.
You visited 2 branches of the dungeon, and saw 9 of its levels.
You also visited: Ossuary.

You collected 352 gold pieces.
You spent 298 gold pieces at shops.

Inventory:

Hand Weapons
 l - a +5 quarterstaff of chaos
 s - a +0 dagger of electrocution
 C - a +1 whip of electrocution (weapon)
Missiles
 B - a throwing net
Armour
 a - a +0 robe (worn)
 e - a +0 pair of gloves (worn)
 k - a +0 cloak (worn)
 D - a +0 helmet (worn)
Magical Staves
 z - a staff of cold
Jewellery
 d - an amulet of reflection (around neck)
Wands
 h - a wand of iceblast (7)
Scrolls
 i - 12 scrolls of identify
 j - a scroll of enchant weapon
 n - a scroll of vulnerability
 q - a scroll of immolation
 w - 2 scrolls of magic mapping
 y - 3 scrolls of noise {unknown}
 A - a scroll of fog
 E - 2 scrolls of teleportation
 G - a scroll of fear
Potions
 b - 2 potions of flight
 c - a potion of mutation {unknown}
 f - 2 potions of resistance {unknown}
 g - a potion of might {unknown}
 m - a potion of cancellation {unknown}
 o - 6 potions of curing
 p - 4 potions of brilliance {unknown}
 r - 3 potions of haste
 t - a potion of invisibility {unknown}
 u - a potion of heal wounds
 v - 2 potions of lignification
 x - a potion of berserk rage {unknown}
 F - a potion of attraction {unknown}


   Skills:
 + Level 5.3 Fighting
 + Level 5.2 Dodging
 + Level 5.8 Stealth
 + Level 5.3 Spellcasting
 + Level 4.5 Conjurations
 + Level 6.2 Ice Magic


You had 7 spell levels left.
You knew the following spells:

 Your Spells              Type           Power      Damage    Failure   Level
a - Freeze                Ice            100%       1d11      1%          1
b - Frozen Ramparts       Ice            60%        1d8       2%          3
c - Ozocubu's Armour      Ice            30%        N/A       2%          3
d - Hailstorm             Conj/Ice       26%        3d7       12%         4

Your spell library contained the following spells:

 Spells                   Type           Power      Damage    Failure   Level
 Scorch                   Fire           10%        2d6       17%         2
 Flame Wave               Conj/Fire      14%        2d6       41%         4
 Summon Cactus Giant      Summ           2%         N/A       100%        6


Dungeon Overview and Level Annotations

Branches:
Dungeon (8/15)             Temple (1/1) D:6         Ossuary (visited)
   Lair: D:8-11

Altars:
Ashenzari
Cheibriados
Dithmenos
Elyvilon
Fedhas
Hepliaklqana
Kikubaaqudgha
Makhleb
Nemelex Xobeh
Okawaru
Qazlal
Ru
Sif Muna
Trog
Uskayaw
Wu Jian
Xom
Yredelemnul
The Shining One

Shops:
D:2 (!   D:6 *

Annotations:
D:7 3 runed translucent doors, kthxbai's ghost, novice DgEE; kthxbai's ghost, novice VSFi; mememasterpepo's ghost, novice HuGl
D:8 2 runed translucent doors, Erica


Innate Abilities, Weirdness & Mutations

You are partially covered in thin metallic scales. (AC +2)
A demonic guardian rushes to your aid.
You have a tail ending in a sharp stinger.


Message History

Casting: Ozocubu's Armour (dangerous; 2% risk of failure)
Confirm with . or Enter, or press ? or * to list all spells.
Casting: Frozen Ramparts (dangerous; 2% risk of failure)
Press: ? - help, Dir - look around, f - activate A stone staircase leading up.
The walls around you are covered in ice.
Casting: Frozen Ramparts (dangerous; 2% risk of failure)
Confirm with . or Enter, or press ? or * to list all spells.
A film of ice covers your body!
Casting: Ozocubu's Armour (dangerous; 2% risk of failure)
Confirm with . or Enter, or press ? or * to list all spells.
Okay, then.
Aiming: Iceblast
Press: ? - help, Shift-Dir - straight line, f - Erica
Aim: Erica, wielding a +1 scimitar of flaming, wearing a +0 robe, wearing a ring of wizardry and carrying a wand of acid (6)
The mass of ice explodes!
The iceblast engulfs Erica.
Erica is lightly wounded.
Erica gestures at you while chanting.
You are confused.
You are too confused!
Your icy armour and frozen ramparts will break if you move.
Continue?
In your confused state, you trip and fall back down the stairs.
The wall freezes Erica.
Erica screams, "Hurry, death AWAITS you!"
Your icy armour and frozen ramparts will break if you move.
Continue? [Y]es or [N]o only, please.
Your icy armour and frozen ramparts will break if you move.
Continue?
The wall freezes Erica.
Erica zaps a wand.
The bolt of acid hits you!!
The frozen ramparts melt away.
You climb upwards.
Your icy armour cracks and falls away as you move.
Level annotation: 3 runed translucent doors, kthxbai's ghost, novice DgEE; kthxbai's ghost, novice VSFi; mememasterpepo's ghost, novice HuGl
There is a stone staircase leading down here.
You are too confused!
In your confused state, you trip and fall down the stairs.
You climb downwards.
Level annotation: 2 runed translucent doors, Erica You feel less confused.
Erica zaps a wand.
The bolt of acid hits you!!!
Ouch! That really hurt!
You die...

.# .# #.# .#
#.# .#
#.###(###
#.##....
#.##..#
#.##@.#
#.##@.#
#.##..####.#
#..........#
####..######
#..# ####..#
#.....#
#.###.##
##.# #..#


You could see Erica.

Vanquished Creatures
  The ghost of Panino the Skirmisher, a novice DrTm (D:5)
  A wyvern (D:5)
  3 steam dragons
  Menkaure (D:6)
  A water moccasin (D:7)
  2 ogres
  A black bear (D:3)
  A necrophage (D:5)
  A bullfrog (D:6)
  A wyvern zombie (D:5)
  2 howler monkeys
  A centaur zombie (D:7)
  A bullfrog zombie (D:5)
  A hound (D:5)
  Crazy Yiuf (D:2)
  A gnoll shaman (D:5)
  5 jellies
  2 centaur skeletons
  2 bullfrog skeletons (D:5)
  A scorpion zombie (D:5)
  An iguana (D:7)
  6 orc wizards
  A killer bee zombie (D:7)
  A hound skeleton (D:4)
  12 mummies (Ossuary)
  3 gnolls (D:5)
  4 adders
  A shadow imp (D:5)
  2 ufetubi (D:4)
  2 worms (D:3)
  2 dart slugs
  13 orcs
  10 endoplasms
  3 giant cockroaches
  9 goblins
  6 hobgoblins
  3 jackals
  4 quokkas
  11 ball pythons
  4 bats
  5 frilled lizards
  3 gnoll skeletons (Ossuary)
  2 goblin skeletons (Ossuary)
  8 kobolds
  3 orc skeletons (Ossuary)
  3 rats
  11 rat skeletons (Ossuary)
163 creatures vanquished.

Vanquished Creatures (collateral kills)
  A shadow (D:8)
  2 howler monkeys (D:8)
  An orc wizard (D:3)
  A killer bee zombie (D:6)
  A mummy (Ossuary)
  A gnoll (D:5)
  An adder (D:4)
  2 white imps
  2 orcs (D:3)
  A giant cockroach (D:3)
  3 jackals (D:1)
16 creatures vanquished.

Grand Total: 179 creatures vanquished

Notes
Turn   | Place    | Note
-------+----------+-------------------------------------------
     0 | D:1      | Ashen the Demonspawn Ice Elementalist began the quest for
                  | the Orb.
     0 | D:1      | Reached XP level 1. HP: 13/13 MP: 3/3
   731 | D:1      | Gained mutation: A weak demonic guardian rushes to your
                  | aid. [demonic ancestry]
   731 | D:1      | Reached XP level 2. HP: 20/20 MP: 1/5
  1623 | D:2      | Found Juinkivy's Distillery.
  1629 | D:2      | Reached skill level 1 in Fighting
  1629 | D:2      | Gained mutation: You have a small tail. [demonic ancestry]
  1629 | D:2      | Reached XP level 3. HP: 26/26 MP: 4/6
  1829 | D:2      | Learned a level 3 spell: Frozen Ramparts
  2020 | D:2      | Found a runed translucent door.
  2021 | D:2      | Noticed Crazy Yiuf
  2136 | D:2      | Found Eqany's Weapon Boutique.
  2188 | D:2      | Found a faded altar of an unknown god.
  2241 | D:2      | Killed Crazy Yiuf
  2242 | D:2      | Reached skill level 4 in Ice Magic
  2242 | D:2      | Reached XP level 4. HP: 14/32 MP: 0/7
  3031 | D:3      | Gained mutation: You have a tail ending in a sharp stinger.
                  | [demonic ancestry]
  3031 | D:3      | Reached XP level 5. HP: 18/38 MP: 5/9
  3946 | D:4      | Noticed a black bear
  3955 | D:3      | Killed a black bear
  3956 | D:3      | Gained mutation: You are partially covered in thin metallic
                  | scales. (AC +2) [demonic ancestry]
  3956 | D:3      | Reached XP level 6. HP: 33/46 MP: 6/10
  4046 | D:3      | Learned a level 3 spell: Ozocubu's Armour
  4051 | D:3      | Learned a level 4 spell: Hailstorm
  4131 | D:4      | Found a sparkling altar of Nemelex Xobeh.
  4820 | D:4      | Found a burning altar of Makhleb.
  4894 | D:2      | Bought a potion of heal wounds for 70 gold pieces
  4894 | D:2      | Bought a potion of curing for 42 gold pieces
  4894 | D:2      | Bought a potion of lignification for 42 gold pieces
  4894 | D:2      | Bought a potion of degeneration for 14 gold pieces
  4960 | D:5      | Entered Level 5 of the Dungeon
  5366 | D:5      | Reached skill level 1 in Conjurations
  5412 | D:5      | Found a sand-covered staircase.
  5421 | Ossuary  | Entered an ossuary
  5465 | Ossuary  | Reached XP level 7. HP: 51/51 MP: 12/12
  6217 | D:5      | Found a bloodstained altar of Trog.
  6598 | D:5      | Found a runed translucent gate.
  6599 | D:5      | Found a runed translucent gate.
  6599 | D:5      | Noticed Panino's ghost (novice DrTm)
  6601 | D:5      | Found a runed translucent gate.
  6601 | D:5      | Noticed a wyvern
  6646 | D:5      | Reached skill level 5 in Ice Magic
  6890 | D:5      | Gained mutation: A demonic guardian rushes to your aid.
                  | [demonic ancestry]
  6890 | D:5      | Reached XP level 8. HP: 54/60 MP: 7/14
  6993 | D:5      | Killed Panino's ghost
  7214 | D:5      | Reached skill level 5 in Stealth
  7443 | D:6      | Noticed Menkaure
  7450 | D:6      | Killed Menkaure
  7823 | D:6      | Found a staircase to the Ecumenical Temple.
  7838 | Temple   | Entered the Ecumenical Temple
  7944 | D:6      | Found a hazy altar of Hepliaklqana.
  8045 | D:6      | Reached XP level 9. HP: 52/66 MP: 10/16
  8178 | D:6      | Found Avvynoar's General Store.
  8191 | D:6      | Bought a potion of haste for 130 gold pieces
  8741 | D:7      | Reached skill level 5 in Spellcasting
  8741 | D:7      | Reached skill level 6 in Ice Magic
  8846 | D:7      | Reached skill level 5 in Dodging
  8972 | D:7      | Reached skill level 5 in Fighting
  9093 | D:7      | Found an ornate altar of the Wu Jian Council.
  9237 | D:7      | Found a runed translucent gate.
  9238 | D:7      | Found a runed translucent gate.
  9238 | D:7      | Found a runed translucent gate.
  9239 | D:7      | Noticed mememasterpepo's ghost (novice HuGl)
  9240 | D:7      | Noticed kthxbai's ghost (novice VSFi)
  9240 | D:7      | Noticed kthxbai's ghost (novice DgEE)
  9613 | D:8      | Noticed Erica
  9626 | D:8      | Found a large runed translucent door.
  9626 | D:8      | Found a large runed translucent door.
  9896 | D:8      | Killed from afar by Erica

Illustrated notes

Levels and vault maps discovered:
D:1:      onia_arrival_pyramid, layout_basic, serial_rivers,
          chequers_serial_rivers_micro_c, chequers_serial_rivers_room_a,
          chequers_serial_rivers_small_b, chequers_serial_rivers_large_b,
          minmay_tromino_v7
D:2:      layout_rooms, shapermc_ecumenical_altar_mp_vishouse, serial_shops,
          nicolae_shop_statue_plus, nicolae_shop_hallway_plus,
          uniq_crazy_yiuf_cottage
D:3:      layout_loops_ring
D:4:      layout_rooms, mainiacjoe_overflow_paths, lemuel_coloured_pillars_altar
D:5:      layout_loops_corners, trog_hazing_becter, gammafunk_ghost_split,
          lightli_ossuary_entry_decrepit_ruins
D:6:      cheibrodos_steamvent, layout_loops_ring, mainiacjoe_overflow_alcove_4,
          minmay_temple_entry_glass, serial_shops, nicolae_shop_waterfront,
          st_stairs_14, uniq_menkaure
D:7:      layout_basic, lemuel_crystal_altar, gammafunk_ghost_cemetery,
          kennysheep_generic_room_4
D:8:      minmay_diamond_stairs, layout_loops_ring, zin_angel,
          jmf_multi_god_temple2, serial_shops, nicolae_shop_statue_plus,
          uniq_erica
Temple:   eino_temple_lava

Skill      XL: |  1  2  3  4  5  6  7  8  9 |
---------------+----------------------------+-----
Dodging        | 2 3 4 5 |  5.2
Stealth        | 2 3 4 5 |  5.8
Fighting       | 1 2 3 4 5 |  5.3
Ice Magic      | 4 5 6 |  6.2
Spellcasting   | 3 4 5 |  5.3
Conjurations   | 1 2 3 4 |  4.5

Action                   |  1- 3 |  4- 6 |  7- 9 || total
-------------------------+-------+-------+-------++-------
Melee: Unarmed           |    12 |       |       ||    12
       Quarterstaff      |       |    67 |       ||    67
       Tailslap          |       |    19 |    55 ||    74
       Dagger            |       |    48 |   187 ||   235
       Punch             |       |     1 |     6 ||     7
       Whip              |       |       |    90 ||    90
 Cast: Freeze            |    53 |    14 |    11 ||    78
       Frozen Ramparts   |     1 |     9 |    12 ||    22
       Ozocubu's Armour  |       |     2 |    11 ||    13
Evoke: Wand              |       |       |     4 ||     4
  Use: Scroll            |       |     8 |     4 ||    12
 Stab: Sleeping          |       |    10 |    14 ||    24
Armor: Robe              |    11 |    40 |    66 ||   117
Dodge: Dodged            |    35 |    94 |   160 ||   289
Block: Other             |       |       |    26 ||    26
